 Dungeon Crawl Stone Soup version 0.31-a0-640-g39d97e502b (webtiles) character file.

Game seed: 12039532698806165221

2742 qw the Skirmisher (level 9, -3/57 HPs)
             Began as a Gargoyle Hunter on Aug 27, 2023.
             Slain by an unseen horror (8 damage)
             ... on level 8 of the Dungeon.
             The game lasted 00:02:59 (6418 turns).

qw the Skirmisher (Gargoyle Hunter)                 Turns: 6418, Time: 00:03:00

Health: -3/57      AC: 17    Str: 22    XL:     9   Next: 68%
Magic:  9/9        EV: 12    Int:  9    God:
Gold:   66         SH:  0    Dex: 17    Spells: 8/8 levels left

rFire   + . .        Y - +1 orcbow
rCold   . . .        (shield currently unavailable)
rNeg    + . .        h - +0 ring mail
rPois   inf          l - +1 helmet
rElec   +            (no cloak)
rCorr   .            d - +0 pair of gloves
SInv    .            a - +1 pair of boots
Will    .....        (no amulet)
Stlth   +            f - +6 ring of strength
HPRegen 0.29/turn    n - ring of protection from fire
MPRegen 0.11/turn

%: no passive effects
@: no status effects
A: sickness immunity, AC +6, negative energy resistance 1, electricity
resistance, torment resistance 1, petrification resistance, hooves 1
a: no special abilities


You were on level 8 of the Dungeon.
You visited 2 branches of the dungeon, and saw 9 of its levels.
You also visited: Sewer.

You collected 385 gold pieces.
You spent 319 gold pieces at shops.


Innate Abilities, Weirdness & Mutations

You are immune to sickness and miasma.
Your stone body is resilient. (AC +6)
You are immune to poison.
You resist negative energy. (rN+)
You are resistant to electric shocks. (rElec)
You are resistant to unholy torment.
You are immune to petrification.
You have large cloven feet.


   Skills:
 - Level 7.3 Fighting
 - Level 11.0 Ranged Weapons
 + Level 3.6 Armour
 - Level 3.0 Dodging
 - Level 1.1 Stealth


You had 8 spell levels left.
You didn't know any spells.
Your spell library was empty.

Inventory:

Hand Weapons
 Y - a +1 orcbow (weapon)
Armour
 a - a +1 pair of boots (worn)
 d - a +0 pair of gloves (worn)
 h - a +0 ring mail (worn)
 l - a +1 helmet (worn)
Jewellery
 f - a +6 ring of strength (left hand)
 n - a ring of protection from fire (right hand)
Scrolls
 b - 6 scrolls of teleportation
 g - a scroll of identify
Potions
 c - a potion of curing
 e - 2 potions of haste
 i - 4 potions of might
 j - 2 potions of mutation
 k - a potion of enlightenment
 p - a potion of cancellation

Dungeon Overview and Level Annotations

Branches:
Dungeon (8/15)             Temple (1/1) D:6           Sewer (visited)
   Lair: D:8-11

Altars:
Ashenzari
Cheibriados
Dithmenos
Elyvilon
Fedhas
Gozag
Hepliaklqana
Kikubaaqudgha
Makhleb
Nemelex Xobeh
Okawaru
Qazlal
Sif Muna
Trog
Uskayaw
Vehumet
Wu Jian
Xom
Zin
The Shining One

Shops:
D:1 *   D:7 =

Annotations:
D:3 3 runed translucent doors, qw's ghost, amateur GrHs
D:7 1 runed translucent door, 2 transporters, Crazy Yiuf; qw's ghost, novice GrHs


Message History

Something hits you but does no damage.
You shoot an arrow. Something hits you.
You shoot an arrow. Something hits you but does no damage.
You shoot an arrow. Something barely misses you.
You shoot an arrow. Something barely misses you. Something hits you.
You shoot an arrow. Something completely misses you.
You shoot an arrow. Something hits you!
You shoot an arrow. Something hits you but does no damage.
You shoot an arrow. Something hits you but does no damage.
You shoot an arrow.
Something hits you but does no damage. x2
You shoot an arrow. Something hits you.
You shoot an arrow.
Something hits you but does no damage. x2
You shoot an arrow. Something barely misses you.
You shoot an arrow. Something hits you but does no damage.
You shoot an arrow. Something hits you.
You shoot an arrow. Something hits you but does no damage.
You shoot an arrow. Something hits you but does no damage.
You shoot an arrow. Something hits you but does no damage.
You shoot an arrow. Something hits you.
You shoot an arrow. Something hits you!
You die...

....##############.......# ####
....#............#.......# #...
....'............#.......# #...
....#............#.......# #.<.
....#............#.......# #...
....#####..##.##.#.......######'#
###.....#..##.##.##'##...........
#.....#.....#......#...........
#######.....#.@....#...........
#>## #.....#%{....#...........
8...8 ########%##+##...........
.....# ... ..%.......#### _....._
...............#
................#
.................#
...<..............#
...................#


There were no monsters in sight!

Vanquished Creatures
  Menkaure (D:5)
  A water moccasin (D:6)
  An orc warrior (D:6)
  3 ice beasts
  3 ogres
  7 kobold brigands
  A phantom (D:5)
  A bullfrog (D:6)
  5 scorpions
  6 killer bees (D:8)
  2 howler monkeys
  2 hounds (D:6)
  3 orc priests
  2 sleepcaps
  An orc wizard (D:5)
  5 iguanas
  3 gnolls (D:5)
  12 adders
  A white imp (D:6)
  An ufetubus (D:6)
  9 worms
  2 dart slugs
  15 orcs
  10 endoplasms
  2 giant cockroaches
  6 goblins
  8 hobgoblins
  4 quokkas
  9 ball pythons
  5 bats
  2 frilled lizards (D:2)
  11 kobolds
  11 rats
155 creatures vanquished.

Notes
Turn   | Place    | Note
-------+----------+-------------------------------------------
     0 | D:1      | qw the Gargoyle Hunter began the quest for the Orb.
     0 | D:1      | Reached XP level 1. HP: 12/12 MP: 1/1
     0 | D:1      | 0 ||| qw: Version: 0.3-a-74-g56b0e0c
     0 | D:1      | 0 ||| qw: Game counter: 3
     0 | D:1      | 0 ||| qw: Melee chars always use a shield: true
     0 | D:1      | 0 ||| qw: God list: Okawaru
     0 | D:1      | 0 ||| qw: Allow faded altars: false
     0 | D:1      | 0 ||| qw: Do Orc after clearing Dungeon:15 true
     0 | D:1      | 0 ||| qw: Do second Lair branch before Depths: true
     0 | D:1      | 0 ||| qw: Lair rune preference: random
     0 | D:1      | 0 ||| qw: Goals: Normal
     0 | D:1      | 0 ||| PLANNING D:1-11
    87 | D:1      | Found Emurch's Assorted Antiques.
   217 | D:1      | Reached XP level 2. HP: 17/17 MP: 2/2
   256 | D:1      | You fall into a shaft and drop 1 floor!
   257 | D:2      | 257 ||| READING scroll labelled UPLOWUXTESE.
   258 | D:2      | 258 ||| DROPPING scroll of butterflies.
   555 | D:1      | 555 ||| BUYING black potion (22 gold).
   555 | D:1      | Bought a black potion for 22 gold pieces
   555 | D:1      | 555 ||| BUYING fizzy dark potion (22 gold).
   555 | D:1      | Bought a fizzy dark potion for 22 gold pieces
   555 | D:1      | 555 ||| SHOPLISTING fizzy silvery potion (22 gold, have 3).
   555 | D:1      | 555 ||| SHOPLISTING murky emerald potion (22 gold, have 3).
   555 | D:1      | 555 ||| SHOPLISTING runed citrine amulet (125 gold, have
                  | 3).
   555 | D:1      | 555 ||| SHOPLISTING scroll labelled NYCAGAOGRO (25 gold,
                  | have 3).
   588 | D:1      | 588 ||| UPGRADING to +0 ring mail.
   598 | D:1      | 598 ||| DROPPING +0 leather armour.
   599 | D:1      | 599 ||| READING scroll labelled XUNYER ZYMEURY.
   600 | D:1      | 600 ||| READING scroll labelled SIRGHA XUNOGGON.
   611 | D:1      | 611 ||| READING 2 scrolls labelled SIULOVOTRUL.
   612 | D:1      | 612 ||| READING scroll labelled HACWOBA CIONAZ.
   613 | D:1      | 613 ||| DRINKING 2 fizzy silvery potions.
   614 | D:1      | 614 ||| DROPPING potion of degeneration.
   748 | D:2      | Reached skill level 1 in Armour
   778 | D:2      | Reached XP level 3. HP: 21/21 MP: 3/3
   993 | D:2      | Reached skill level 5 in Ranged Weapons
  1397 | D:2      | 1397 ||| UPGRADING to +0 pair of boots.
  1402 | D:2      | 1402 ||| READING scroll labelled QAVIDA ENUDORR.
  1403 | D:2      | 1403 ||| DRINKING 2 fizzy dark potions.
  1403 | D:2      | Gained mutation: You have large cloven feet. [potion of
                  | mutation]
  1404 | D:2      | 1404 ||| READING 3 scrolls of identify.
  1404 | D:2      | 1404 ||| IDENTIFYING pink potion
  1405 | D:2      | 1405 ||| READING 2 scrolls of identify.
  1405 | D:2      | 1405 ||| IDENTIFYING cyan potion
  1406 | D:2      | 1406 ||| DROPPING potion of brilliance.
  1481 | D:3      | Reached skill level 3 in Fighting
  1481 | D:3      | Reached XP level 4. HP: 16/28 MP: 4/4
  1806 | D:3      | Reached XP level 5. HP: 22/32 MP: 5/5
  1887 | D:3      | Found a hide-covered altar of Uskayaw.
  2030 | D:3      | Found a runed translucent gate.
  2030 | D:3      | Found a runed translucent gate.
  2030 | D:3      | Found a runed translucent gate.
  2032 | D:3      | Noticed a kobold brigand
  2033 | D:3      | Noticed qw's ghost (amateur GrHs)
  2048 | D:3      | 2048 ||| DROPPING amulet of magic regeneration.
  2049 | D:3      | 2049 ||| UPGRADING to +6 ring of strength.
  2050 | D:3      | 2050 ||| READING scroll labelled COEFEH DINOOL.
  2089 | D:3      | 2089 ||| READING scroll labelled WEILIV RUON.
  2090 | D:3      | 2090 ||| READING 2 scrolls of identify.
  2090 | D:3      | 2090 ||| IDENTIFYING fizzy amethyst potion
  2091 | D:3      | 2091 ||| DROPPING potion of lignification.
  2132 | D:4      | 2132 ||| PLANNING SEWER
  2159 | D:4      | 2159 ||| READING scroll of enchant armour.
  2159 | D:4      | 2159 ||| ENCHANTING +0 pair of boots.
  2448 | D:4      | Reached skill level 6 in Ranged Weapons
  2576 | D:4      | Found a glowing drain.
  2581 | D:4      | 2581 ||| DRINKING 3 black potions.
  2586 | D:4      | Reached XP level 6. HP: 38/38 MP: 6/6
  2587 | D:4      | 2587 ||| Stepping ~*~*~tactically~*~*~ (water).
  2599 | Sewer    | Entered a sewer
  2749 | Sewer    | 2749 ||| Stepping ~*~*~tactically~*~*~ (water).
  2751 | Sewer    | 2751 ||| Stepping ~*~*~tactically~*~*~ (water).
  2753 | Sewer    | 2753 ||| Stepping ~*~*~tactically~*~*~ (water).
  2755 | Sewer    | 2755 ||| Stepping ~*~*~tactically~*~*~ (water).
  2827 | Sewer    | Reached skill level 7 in Ranged Weapons
  2918 | Sewer    | Reached XP level 7. HP: 43/43 MP: 7/7
  2956 | Sewer    | 2956 ||| Stepping ~*~*~tactically~*~*~ (water).
  2961 | Sewer    | 2961 ||| Stepping ~*~*~tactically~*~*~ (water).
  2976 | Sewer    | 2976 ||| Stepping ~*~*~tactically~*~*~ (water).
  2990 | Sewer    | Reached skill level 8 in Ranged Weapons
  3051 | Sewer    | 3051 ||| Stepping ~*~*~tactically~*~*~ (water).
  3134 | Sewer    | 3134 ||| READING scroll labelled SEBAPI JONO.
  3160 | D:4      | 3160 ||| PLANNING D:1-11
  3195 | D:4      | Found a stormy altar of Qazlal.
  3497 | D:5      | Entered Level 5 of the Dungeon
  3580 | D:5      | Noticed Menkaure
  3586 | D:5      | Killed Menkaure
  3587 | D:5      | Reached skill level 3 in Armour
  3587 | D:5      | Reached XP level 8. HP: 49/49 MP: 8/8
  3617 | D:5      | 3617 ||| READING scroll of brand weapon.
  3617 | D:5      | 3617 ||| BRANDING +0 shortbow of flaming.
  3620 | D:5      | Identified the +2 whip of Freezing Reinforcement {heavy,
                  | Int+2}
  3932 | D:5      | 3932 ||| Stepping ~*~*~tactically~*~*~ (outnumbered).
  3934 | D:5      | 3934 ||| Stepping ~*~*~tactically~*~*~ (outnumbered).
  4073 | D:5      | Reached skill level 9 in Ranged Weapons
  4350 | D:5      | Reached skill level 6 in Fighting
  4398 | D:5      | 4398 ||| UPGRADING to +0 helmet.
  4403 | D:5      | 4403 ||| READING scroll labelled QOHAOMI OQERAIL.
  4404 | D:5      | 4404 ||| READING scroll labelled TECISO QUSIUG.
  4505 | D:5      | 4505 ||| READING scroll labelled RAF WIYCHE.
  4506 | D:5      | 4506 ||| READING scroll labelled NEALYN QUHU.
  4507 | D:5      | 4507 ||| DRINKING 2 orange potions.
  4508 | D:5      | 4508 ||| READING 2 scrolls of identify.
  4508 | D:5      | 4508 ||| IDENTIFYING murky pink potion
  4509 | D:5      | 4509 ||| DROPPING potion of invisibility.
  4510 | D:5      | 4510 ||| DROPPING potion of attraction.
  4639 | D:6      | Found a broken altar of Ashenzari.
  4644 | D:6      | 4644 ||| READING scroll of enchant armour.
  4644 | D:6      | 4644 ||| ENCHANTING +0 helmet.
  4645 | D:6      | 4645 ||| DRINKING 2 murky inky potions.
  4646 | D:6      | 4646 ||| READING 2 scrolls of identify.
  4646 | D:6      | 4646 ||| IDENTIFYING coppery potion
  4744 | D:6      | Reached skill level 10 in Ranged Weapons
  4744 | D:6      | Reached XP level 9. HP: 53/55 MP: 9/9
  4828 | D:6      | Found a glowing golden altar of the Shining One.
  4865 | D:6      | Reached skill level 3 in Dodging
  5024 | D:6      | 5024 ||| FLEEEEING.
  5025 | D:6      | 5025 ||| FLEEEEING.
  5026 | D:6      | 5026 ||| FLEEEEING.
  5027 | D:6      | 5027 ||| FLEEEEING.
  5028 | D:6      | 5028 ||| FLEEEEING.
  5040 | D:6      | 5040 ||| FLEEEEING.
  5043 | D:6      | 5043 ||| FLEEEEING.
  5044 | D:6      | 5044 ||| FLEEEEING.
  5045 | D:6      | 5045 ||| FLEEEEING.
  5046 | D:6      | 5046 ||| FLEEEEING.
  5047 | D:6      | 5047 ||| FLEEEEING.
  5048 | D:6      | 5048 ||| FLEEEEING.
  5049 | D:6      | 5049 ||| FLEEEEING.
  5050 | D:6      | 5050 ||| FLEEEEING.
  5051 | D:6      | 5051 ||| FLEEEEING.
  5052 | D:6      | 5052 ||| FLEEEEING.
  5053 | D:6      | 5053 ||| FLEEEEING.
  5054 | D:6      | 5054 ||| FLEEEEING.
  5055 | D:6      | 5055 ||| FLEEEEING.
  5056 | D:6      | 5056 ||| FLEEEEING.
  5060 | D:6      | 5060 ||| FLEEEEING.
  5061 | D:6      | 5061 ||| FLEEEEING.
  5062 | D:6      | 5062 ||| FLEEEEING.
  5064 | D:6      | 5064 ||| FLEEEEING.
  5065 | D:6      | 5065 ||| STAIRDANCE
  5131 | D:5      | 5131 ||| UPGRADING to +0 pair of gloves.
  5138 | D:6      | 5138 ||| STAIRDANCE
  5171 | D:6      | 5171 ||| STAIRDANCE
  5193 | D:6      | 5193 ||| STAIRDANCE
  5230 | D:6      | 5230 ||| SWAPPING to +0 orcbow.
  5234 | D:6      | 5234 ||| DROPPING +0 shortbow of draining.
  5249 | D:6      | Found a staircase to the Ecumenical Temple.
  5250 | D:6      | 5250 ||| PLANNING TEMPLE
  5263 | Temple   | Entered the Ecumenical Temple
  5264 | Temple   | 5264 ||| PLANNING D:1-11
  5408 | D:6      | 5408 ||| READING 2 scrolls labelled BASOUMNI RORHO.
  5409 | D:6      | 5409 ||| DROPPING scroll of blinking.
  5497 | D:7      | Found Facum's Jewellery Emporium.
  5504 | D:7      | 5504 ||| SHOPLISTING +5 ring of evasion (396 gold, have
                  | 305).
  5504 | D:7      | 5504 ||| SHOPLISTING +6 ring of strength (396 gold, have
                  | 305).
  5504 | D:7      | 5504 ||| SHOPLISTING amulet of regeneration (330 gold, have
                  | 305).
  5504 | D:7      | 5504 ||| SHOPLISTING amulet of the acrobat (330 gold, have
                  | 305).
  5504 | D:7      | 5504 ||| BUYING ring of protection from fire (275 gold).
  5504 | D:7      | Bought a ring of protection from fire for 275 gold pieces
  5504 | D:7      | 5504 ||| SHOPLISTING ring of protection from fire (275
                  | gold, have 30).
  5504 | D:7      | 5504 ||| SHOPLISTING ring of see invisible (165 gold, have
                  | 30).
  5679 | D:7      | Found a runed translucent door.
  5680 | D:7      | Noticed Crazy Yiuf
  5786 | D:7      | Found a hazy altar of Hepliaklqana.
  6092 | D:7      | 6092 ||| Stepping ~*~*~tactically~*~*~ (outnumbered).
  6094 | D:7      | 6094 ||| Stepping ~*~*~tactically~*~*~ (outnumbered).
  6096 | D:7      | 6096 ||| Stepping ~*~*~tactically~*~*~ (outnumbered).
  6126 | D:7      | Found a bloodstained altar of Trog.
  6130 | D:7      | Noticed qw's ghost (novice GrHs)
  6130 | D:7      | Noticed a moth of wrath
  6132 | D:7      | Noticed a two-headed ogre
  6135 | D:7      | Found a transporter.
  6140 | D:7      | Found a transporter.
  6232 | D:7      | 6232 ||| UPGRADING to ring of protection from fire.
  6233 | D:7      | 6233 ||| READING scroll labelled ANIEW IDIEHI.
  6234 | D:7      | 6234 ||| READING scroll labelled KUAGAKL DIUCAU.
  6235 | D:7      | 6235 ||| READING 2 scrolls of identify.
  6235 | D:7      | 6235 ||| IDENTIFYING inky potion
  6274 | D:8      | 6274 ||| RETREATING.
  6333 | D:8      | Found an ancient bone altar of Kikubaaqudgha.
  6333 | D:8      | Found an iron altar of Okawaru.
  6360 | D:8      | Reached skill level 11 in Ranged Weapons
  6385 | D:8      | 6385 ||| Stepping randomly (disturbance).
  6405 | D:8      | HP: 10/57 [something (7)]
  6413 | D:8      | HP: 6/57 [something (2)]
  6418 | D:8      | Slain by an unseen horror

Levels and vault maps discovered:
D:1:      ebering_trefoil_twist, layout_loops_ring, serial_shops,
          nicolae_shop_tiny_glass
D:2:      layout_loops_ring
D:3:      layout_rooms, nicolae_overflow_crystal_walls,
          gammafunk_ghost_nasty_kobolds
D:4:      layout_gridville, nicolae_qazlal_general_emergency,
          cheibrodos_sewer_entry_bend
D:5:      layout_loops_corners, uniq_menkaure
D:6:      layout_loops_cross, nicolae_tso_carved_into_rock,
          nicolae_ashenzari_skybound, minmay_temple_entry_hall,
          minmay_manual_mail
D:7:      layout_basic, nicolae_hepliaklqana_hippocampus,
          gammafunk_ghost_wrathful_warriors, serial_shops,
          nicolae_shop_advertising_works [nicolae_subvault_shop_adworks],
          uniq_crazy_yiuf_cottage
D:8:      layout_gridville, nicolae_overflow_hidden_temple
Temple:   dshaligram_water_room_temple

Skill      XL: |  1  2  3  4  5  6  7  8  9 |
---------------+----------------------------+-----
Armour         | 1 3 |  3.6
Ranged Weapons | 5 6 7 8 10 11 | 11.0
Fighting       | 3 4 5 6 7 |  7.3
Dodging        | 2 3 |  3.0
Stealth        | |  1.1

Action                     |  1- 3 |  4- 6 |  7- 9 || total
---------------------------+-------+-------+-------++-------
   Fire: Shortbow          |   132 |   148 |   259 ||   539
         Orcbow            |       |       |   125 ||   125
    Use: Scroll            |     8 |     4 |    13 ||    25
         Potion            |     2 |     1 |     2 ||     5
 Armour: Ring mail         |    10 |    31 |   138 ||   179
  Dodge: Dodged            |    21 |    44 |   125 ||   190

Table legend:
 A = Non-vault XP
 B = Vault XP
 C = Vault XP percentage of total XP
 D = Non-vault monster count
 E = Vault monster count
 F = Vault count percentage of total count
                 A         B        C        D         E       F
            +---------+---------+-------+---------+---------+-------
      Total |    2702 |    1216 |  31.0 |     119 |      36 |  23.2
            +---------+---------+-------+---------+---------+-------
        D:1 |      23 |       0 |   0.0 |      14 |       0 |   0.0
        D:2 |      49 |       0 |   0.0 |      25 |       0 |   0.0
        D:3 |     104 |       0 |   0.0 |      11 |       0 |   0.0
        D:4 |     142 |      10 |   6.6 |      16 |       2 |  11.1
        D:5 |     776 |     290 |  27.2 |      23 |       2 |   8.0
        D:6 |     943 |     219 |  18.8 |      17 |       4 |  19.0
        D:7 |     298 |       0 |   0.0 |       7 |       0 |   0.0
        D:8 |     367 |       0 |   0.0 |       6 |       0 |   0.0
      Sewer |       0 |     697 | 100.0 |       0 |      28 | 100.0
            +---------+---------+-------+---------+---------+-------
